 Dungeon Crawl Stone Soup version 0.17-a0-1914-gde4187c (webtiles) character file.

52 tp1 the Skirmisher (level 3, 0/36 HPs)
             Began as a Gargoyle Berserker on Sept 26, 2015.
             Was a Follower of Trog.
             Killed from afar by an orc wizard (9 damage)
             ... with a magic dart
             ... on level 3 of the Dungeon.
             The game lasted 00:06:34 (1078 turns).

tp1 the Skirmisher (Gargoyle Berserker)             Turns: 1078, Time: 00:06:35

Health: 0/36       AC: 12    Str: 26    XL:     3   Next: 85%
Magic:  3/3        EV:  9    Int:  7    God:    Trog [*.....]
Gold:   83         SH:  0    Dex:  9    Spells: 0 memorised, 2 levels left

rFire  . . .     SeeInvis .     a - +0 hand axe
rCold  . . .     Clarity  .     q - +0 chain mail
rNeg   + . .     SustAt   .     (no shield)
rPois  ∞         Gourm    .     (no helmet)
rElec  +         Spirit   .     (no cloak)
rCorr  .         Warding  .     (no gloves)
rMut   .         Stasis   .     (no boots)
MR     .....                    (no amulet)
Stlth  ..........               (no ring)
                                (no ring)

@: berserking (expiring), very quick, not resistant to hostile enchantments,
extremely unstealthy
A: negative energy resistance 1, electricity resistance, unbreathing,
petrification resistance, rot immunity, AC +3
a: Burn Spellbooks, Berserk, Renounce Religion


You were on level 3 of the Dungeon.
You worshipped Trog.
Trog was aware of your devotion.
You were hungry.

You visited 1 branch of the dungeon, and saw 4 of its levels.

You collected 83 gold pieces.

Inventory:

Hand weapons
 a - a +0 hand axe (weapon)
Armour
 b - a +0 animal skin
 o - a +0 ring mail
 p - a +0 ring mail
 q - a +0 chain mail (worn)
Scrolls
 e - a scroll of enchant weapon {unknown}
 h - a scroll of noise {unknown}
 i - a scroll of remove curse {unknown}
 k - 2 scrolls of random uselessness {unknown}
 l - 3 scrolls of identify {unknown}
Potions
 g - a potion of magic {unknown}
 m - 3 potions of might {unknown}
 n - a potion of curing {unknown}
Comestibles
 c - 2 bread rations
 d - a meat ration
 f - 3 chunks of flesh
 j - a slice of pizza


   Skills:
 + Level 4.0 Fighting
 + Level 3.2 Axes
 + Level 2.5 Armour
 + Level 2.0 Dodging


You had 2 spell levels left.
You didn't know any spells.

Dungeon Overview and Level Annotations

Branches:
Dungeon (4/15)
 Temple: D:4-7

Altars:
Elyvilon
Vehumet

Shops:
D:4 [

Annotations:
D:4 Blork the orc


Innate Abilities, Weirdness & Mutations

You are resistant to torment.
Your stone body is resilient (AC +3).
You are immune to poison.
You resist negative energy.
You are resistant to electric shocks.
You can survive without breathing.
You are immune to petrification.
You are immune to rotting.


Message History

The orc wizard hits you but does no damage.
You closely miss the orc wizard. The orc wizard barely misses you.
You barely miss the orc wizard. You slash the orc wizard!
The orc wizard is heavily wounded.
The orc wizard hits you with a dagger.
* * * LOW HITPOINT WARNING * * *
Your chain mail prevents you from hitting the orc wizard.
The orc wizard is heavily wounded.
The orc wizard mumbles some strange words.
The orc wizard blinks!
The orc wizard mumbles some strange words.
The orc wizard seems to speed up.
You feel a strong urge to attack something.
The orc wizard hits you but does no damage.
You hit the orc wizard.
The orc wizard is almost dead.
The orc wizard gestures at you while chanting.
The magic dart hits you!
You die...

# ### ### #.
###8###8###
#.##8...8...8###
#.##.........####
#.#>..@o....._#.#
####§........##.#
###8...8...8##.#
###8###8### # ###
###


You could see an orc wizard.

Vanquished Creatures
  A worker ant (D:4)
  An adder (D:2)
  A giant cockroach (D:1)
  5 goblins
  3 hobgoblins
  2 ball pythons
  2 bats (D:1)
  2 giant newts
  6 rats
23 creatures vanquished.

Notes
Turn   | Place    | Note
--------------------------------------------------------------
     0 | D:1      | tp1 the Gargoyle Berserker began the quest for the Orb.
     0 | D:1      | Reached XP level 1. HP: 14/14 MP: 1/1
   195 | D:1      | Reached XP level 2. HP: 16/19 MP: 2/2
   775 | D:2      | Reached XP level 3. HP: 19/24 MP: 3/3
   842 | D:2      | Found a white marble altar of Elyvilon.
  1020 | D:3      | Found a radiant altar of Vehumet.
  1033 | D:4      | Found Oseqo's Armour Emporium.
  1055 | D:4      | Reached skill level 4 in Fighting
  1060 | D:4      | Noticed Blork the orc
  1078 | D:3      | Killed from afar by an orc wizard

Vault maps used:
D:1:      lightli_iron_boxes, hex_medium
D:2:      elyvilon_altar_5
D:3:      kennysheep_big_flooded_room, nicolae_overflow_hidden_temple,
          eino_tiny_chamber, uniq_terence
D:4:      lemuel_round_altar, xom_teletrap_fun, makhleb_grotto_becter,
          serial_shops, shop, first_bread, uniq_natasha, uniq_blork_the_orc

Action                   || total
-------------------------++-------
Melee: Hand axe          ||    97
Invok: Berserk           ||     3
  Eat: Chunk             ||     2
